 Dungeon Crawl Stone Soup version 0.31-a0-267-g3fc6992b3b (webtiles) character file.

Game seed: 8616913488846216454

12 British0li the Sneak (level 2, -6/24 HPs)
             Began as a Demonspawn Delver on July 14, 2023.
             Mangled by Blork the orc
             ... wielding a +0 flail
              (8 damage)
             ... on level 4 of the Dungeon.
             The game lasted 00:00:42 (267 turns).

British0li the Sneak (Demonspawn Delver)             Turns: 267, Time: 00:00:43

Health: -6/24      AC:  3    Str: 12    XL:     2   Next: 20%
Magic:  2/2        EV: 12    Int: 11    God:
Gold:   11         SH:  0    Dex: 14    Spells: 1/1 levels left

rFire   . . .        a - +0 falchion
rCold   . . .        (no shield)
rNeg    . . .        b - +0 leather armour
rPois   .            (no helmet)
rElec   .            (no cloak)
rCorr   .            (no gloves)
SInv    .            (no boots)
Will    .....        (no amulet)
Stlth   +++          (no ring)
HPRegen 0.24/turn    (no ring)
MPRegen 0.08/turn

%: no passive effects
@: no status effects
A: demonic magic 1
a: no special abilities


You were on level 4 of the Dungeon.
You visited 1 branch of the dungeon, and saw 3 of its levels.

You collected 11 gold pieces.

Inventory:

Hand Weapons
 a - a +0 falchion (weapon)
Armour
 b - a +0 leather armour (worn)
Wands
 g - a wand of digging (3)
Scrolls
 c - a scroll of fog
 d - a scroll of revelation
 e - a scroll of fear
 h - a scroll of teleportation {unknown}
 i - a scroll of vulnerability {unknown}
Potions
 f - a potion of haste


   Skills:
 + Level 3.1 Fighting
 + Level 2.0 Long Blades
 + Level 2.0 Dodging
 + Level 4.6 Stealth


You had one spell level left.
You didn't know any spells.
Your spell library was empty.

Dungeon Overview and Level Annotations

Branches:
Dungeon (5/15)
 Temple: D:4-7

Altars:

Shops:
D:3 =

Annotations:
D:4 1 runed translucent door, Blork the orc, Crazy Yiuf, Dowan


Innate Abilities, Weirdness & Mutations

Spells you cast may paralyse adjacent enemies.


Message History

The adder poisons you! The adder bites you but does no damage.
You hit the adder.
You kill the adder!
You feel sick.
Your Long Blades skill increases to level 2!
Your Dodging skill increases to level 2!
You have reached level 2!
Your demonic ancestry asserts itself...
A menacing aura infuses your magic.
(D) Dungeon
Where to? (Enter - D:4 @ (x,y), ? - help)
You feel sick.
Things that are here:
an adder corpse; a bat corpse You feel sick.
You feel sick.
You are no longer poisoned.
The frilled lizard hisses angrily.
There is a stone staircase leading down here.
You climb downwards.
Level annotation: 1 runed translucent door, Blork the orc, Crazy Yiuf, Dowan Blork the orc mumbles some strange words.
Blork the orc seems to speed up.
The orc misses you.
You hear a shout!
There is a stone staircase leading up here.
You are too injured to fight recklessly!
You are too injured to fight recklessly!
You are too injured to fight recklessly!
You barely miss the orc. The orc closely misses you.
Blork the orc gestures at you while chanting.
The puff of frost hits you!
* * * LOW HITPOINT WARNING * * *
You hit the orc.
The orc is lightly wounded.
The orc hits you with a +0 hand axe.
* * * LOW HITPOINT WARNING * * *
You hit the orc but do no damage.
The orc is lightly wounded.
The orc barely misses you. Blork the orc hits you with a +0 flail!
You die...

#####..#
#.#..
#......#
# ###
#.###.##
#
#o....#
#..####
#.o#
#..#
#.o###
#.@o.#
##.#.#
#.#.#
#.# #
... ..#
..# ....


You could see Blork the orc (fast) and 3 orcs.

Vanquished Creatures
  An adder (D:3)
  An orc (D:5)
  A bat (D:3)
3 creatures vanquished.

Notes
Turn   | Place    | Note
-------+----------+-------------------------------------------
     0 | D:5      | British0li the Demonspawn Delver began the quest for the
                  | Orb.
     0 | D:5      | Reached XP level 1. HP: 18/18 MP: 1/1
   171 | D:4      | Found a runed translucent door.
   172 | D:4      | Noticed Crazy Yiuf
   194 | D:4      | Noticed Dowan
   224 | D:4      | Noticed Blork the orc
   238 | D:3      | Found Imiwus's One-of-a-Kind Rings.
   258 | D:3      | Gained mutation: Spells you cast may paralyse adjacent
                  | enemies. [demonic ancestry]
   258 | D:3      | Reached XP level 2. HP: 10/24 MP: 2/2
   267 | D:4      | Mangled by Blork the orc

Illustrated notes

Levels and vault maps discovered:
D:3:      layout_rooms, nicolae_shop_unique_rings, serial_park_tiny_pond,
          kennysheep_generic_room_12
D:4:      layout_loops_ring, cheibrodos_worm_habitat,
          minmay_temple_entry_stoned_glass, ebering_ghost_sewer_f,
          serial_aquarium, aquarium_bridge_straight [aquarium_subvault_bridge,
          aquarium_subvault_window, aquarium_subvault_bridge,
          aquarium_subvault_balcony], aquarium_window_1, aquarium_window_corner,
          aquarium_window_1, aquarium_window_2, aquarium_view_2b,
          aquarium_balcony_5b, aquarium_pool_corner, uniq_blork_the_orc,
          uniq_crazy_yiuf_cottage, uniq_duvessa
D:5:      cheibrodos_helix_gallery, layout_basic, amcnicky_altar_gilded,
          serial_shops, nicolae_shop_tiny_waterfront,
          chequers_serial_rivers_micro_d

Skill      XL: |  1 |
---------------+----+-----
Long Blades    | 2 |  2.0
Dodging        | 2 |  2.0
Fighting       | |  3.1
Stealth        | |  4.6

Action                     || total
---------------------------++-------
  Melee: Falchion          ||    22
    Use: Scroll            ||     1
 Armour: Leather armour    ||     6
  Dodge: Dodged            ||    17

Table legend: (Time is in decaauts)
 A = Elapsed time spent in this place.
 B = Non-inter-level travel time spent in this place.
 C = Inter-level travel time spent in this place.
 D = Time resting spent in this place.
 E = Time spent auto-exploring this place.
 F = Levels seen in this place.
 G = Mean time per level.
                   A        B        C        D        E       F      G
               +--------+--------+--------+--------+--------+-----+--------+
         Total |    271 |    253 |     18 |      0 |    175 |   3 |   90.3 |
       Dungeon |    271 |    253 |     18 |      0 |    175 |   3 |   90.3 |
               +--------+--------+--------+--------+--------+-----+--------+

Top non-repeatable levels by time:
     D:4: 130 daAuts
     D:5: 109 daAuts
     D:3: 31 daAuts
